Map: Dasan Station LE

Players

Cypher

  • Race: Terran Terran
  • League: Diamond

A.I. 1 (Very Easy) - Winner!

  • Race: Terran Terran

VOD

Have the link to the VOD?

Description

Time

  • Played on: Oct. 27, 2016, 10:45 p.m.
  • Length: 2:35
Show
View Real Time Build Order
Export as new Build Order

Cypher Terran 

Build Orders:  

Get SALT Encoding   

  12  0:10  Supply Depot  
  12  0:16  Refinery  
  12  0:33  Barracks  
  12  0:35  SCV  
  13  0:47  SCV  
  14  0:56  Barracks  
  14  1:03  SCV  
  15  1:15  SCV  
  16  1:20  Reaper  
  17  1:27  Barracks  
  17  1:36  Supply Depot  
  17  1:43  Reaper  
  18  1:52  Reaper  
  19  1:55  Refinery  
  19  2:19  Barracks  
Show
View Real Time Build Order
Export as new Build Order

A.I. 1 (Very Easy) Terran - Winner!

Build Orders:  

Get SALT Encoding   

  12  0:00  SCV  
  13  0:13  SCV  
  14  0:19  Supply Depot  
  14  0:36  Refinery  
  14  0:46  Barracks  
  14  1:04  Supply Depot  
  14  1:10  Refinery  
  14  1:32  Orbital Command  
  14  1:33  Marine  
  15  1:51  Barracks Tech Lab  
  15  1:58  SCV  
  16  2:10  SCV  
  16  2:14  Marine  
  18  2:22  SCV  
Tags
 
Add a new tag
Caveats
  • Supply blocks, unpowered buildings, or Contaminate may cause inaccurate times.
  • Supply counts are checked every 10 seconds.